 Dungeon Crawl Stone Soup version 0.26.1 (webtiles) character file.

Game seed: 5257903998900073167

2025 swilekon the Cleaver (level 9, 0/79 HPs)
             Began as a Hill Orc Fighter on Feb 6, 2021.
             Was an Initiate of Gozag.
             Killed from afar by an electric eel (8 damage)
             ... with a bolt of electricity
             ... on level 6 of the Dungeon.
             The game lasted 00:14:46 (7324 turns).

swilekon the Cleaver (Hill Orc Fighter)             Turns: 7324, Time: 00:14:47

Health: 0/79       AC: 13    Str: 22    XL:     9   Next: 23%
Magic:  9/9        EV:  5    Int:  8    God:    Gozag
Gold:   575        SH: 11    Dex: 10    Spells: 8/8 levels left

rFire    + . .     SeeInvis .   a - +1 war axe
rCold    + . .     Faith    .   c - +1 kite shield
rNeg     . . .     Spirit   .   k - +0 plate armour
rPois    .         Reflect  .   (no helmet)
rElec    .         Harm     .   o - scarf {rC+ rF+}
rCorr    .         Rampage  .   (no gloves)
Will     .....                  (no boots)
Stlth    ..........             (no amulet)
HPRegen  0.23/turn              (no ring)
MPRegen  0.11/turn              (no ring)

@: no status effects
A: no striking features
a: Renounce Religion, Potion Petition, Call Merchant, Bribe Branch


You were on level 6 of the Dungeon.
You worshipped Gozag.
Gozag was pleased with you.
You visited 1 branch of the dungeon, and saw 6 of its levels.

You collected 1271 gold pieces.
You paid 696 gold pieces to Gozag.

Inventory:

Hand Weapons
 a - a +1 war axe (weapon)
Armour
 c - a +1 kite shield (worn)
 k - a +0 plate armour (worn)
 o - a scarf of resistance (worn)
Wands
 d - a wand of enslavement (10)
 j - a wand of paralysis (12)
Scrolls
 e - 3 scrolls of amnesia
 g - a scroll of blinking
 h - 2 scrolls of magic mapping
 l - a scroll of remove curse
Potions
 i - a potion of invisibility
 n - a potion of berserk rage
 p - 2 potions of haste
 q - a potion of curing {unknown}


   Skills:
 + Level 7.5 Fighting
 * Level 10.0 Axes
 + Level 6.6 Armour
 + Level 6.6 Shields


You had 8 spell levels left.
You didn't know any spells.
Your spell library contained the following spells:

 Spells                   Type           Power        Failure   Level
 Beastly Appendage        Tmut           0%           100%        1


Dungeon Overview and Level Annotations

Branches:
Dungeon (6/15)
 Temple: D:4-7

Altars:
Gozag
Makhleb
Qazlal
Sif Muna
Trog
Vehumet
Xom

Shops:
D:5 [

Annotations:
D:6 exclusion: statue


Message History

The electric eel completely resists.
You hit the electric eel.
The electric eel is heavily wounded.
The electric eel shoots out a bolt of lightning at you!
The bolt of electricity hits you!
* * * LOW HITPOINT WARNING * * *
The bolt of electricity hits you!
* * * LOW HITPOINT WARNING * * *
The bolt of electricity hits the electric eel.
The electric eel completely resists.
You see here 25 arrows.
You start resting.
A dart slug is nearby!
A dart slug is nearby!
The electric eel shoots out a bolt of lightning at you!
The bolt of electricity hits you.
* * * LOW HITPOINT WARNING * * *
The bolt of electricity hits you!
You die...
Your body crumbles into a pile of gold.

≈≈5≈≈≈#.≈≈≈≈#≈≈≈.#####.......
≈≈≈≈≈≈≈(≈≈≈≈≈≈≈..# ##......
.≈≈#≈.≈..≈≈≈≈≈...# #.......
#≈≈#≈≈...≈≈#≈≈#).# ########
## ≈≈≈≈≈≈≈≈≈≈###.# ##....##
#w≈≈≈≈≈≈;$###..# #....... #
≈≈#..#..## #.......
.####.###(#..## ##...###
..w.......@.## ########
.############ #....+..
#....#.. #....#.. ##...###
#....### #.....#. #.....#.
#.....'.


You could see an electric eel.

Vanquished Creatures
  Eustachio (D:4)
  Menkaure (D:5)
  Duvessa (D:5)
  An ice beast (D:6)
  A sky beast (D:5)
  A phantom (D:5)
  3 ogres
  A centaur (D:6)
  A bullfrog (D:6)
  Dowan (D:5)
  A wyvern skeleton (D:6)
  An electric eel (D:6)
  5 wights (D:6)
  5 hounds
  2 orc wizards
  A bullfrog skeleton (D:5)
  An orc priest (D:4)
  3 worker ants
  A hound zombie (D:6)
  A hound skeleton (D:6)
  A howler monkey zombie (D:6)
  4 gnolls (D:3)
  6 adders
  2 shadow imps (D:5)
  3 white imps
  2 worms
  3 dart slugs (D:6)
  5 leopard geckos
  17 orcs
  5 bats
  4 giant cockroaches
  12 goblins
  19 hobgoblins
  11 jackals
  7 quokkas
  A ball python (D:1)
  4 frilled lizards
  8 kobolds
  A quokka zombie (D:5)
  4 rats
152 creatures vanquished.

Vanquished Creatures (others)
  An orc warrior (D:6)
  An electric eel (D:6)
  An iguana (D:6)
  A worker ant (D:6)
  A gnoll (D:6)
  An adder (D:6)
  An ufetubus (D:6)
  A dart slug (D:6)
  A giant cockroach zombie (D:6)
9 creatures vanquished.

Grand Total: 161 creatures vanquished

Notes
Turn   | Place    | Note
-------+----------+-------------------------------------------
     0 | D:1      | swilekon the Hill Orc Fighter began the quest for the Orb.
     0 | D:1      | Reached XP level 1. HP: 19/19 MP: 1/1
    42 | D:1      | You fall into a shaft and drop 1 floor!
    67 | D:2      | Reached XP level 2. HP: 26/27 MP: 2/2
    76 | D:2      | Found a burning altar of Makhleb.
   258 | D:2      | Reached skill level 3 in Axes
   340 | D:2      | Reached XP level 3. HP: 27/33 MP: 3/3
   613 | D:2      | Found an opulent altar of Gozag.
  1393 | D:2      | Became a worshipper of Gozag Ym Sagoz the Greedy
  1562 | D:1      | Reached XP level 4. HP: 38/41 MP: 4/4
  2173 | D:3      | Reached skill level 4 in Axes
  2257 | D:3      | Reached XP level 5. HP: 34/47 MP: 5/5
  2866 | D:3      | Found a shimmering blue altar of Sif Muna.
  2947 | D:3      | Identified Sif Muna's Disquisition on Transmigration
  2953 | D:3      | Found a bloodstained altar of Trog.
  3531 | D:4      | Reached skill level 5 in Fighting
  3531 | D:4      | Reached skill level 5 in Axes
  3852 | D:4      | Reached XP level 6. HP: 50/56 MP: 6/6
  4027 | D:4      | Noticed Eustachio
  4223 | D:4      | Killed Eustachio
  4224 | D:4      | Reached skill level 6 in Axes
  4392 | D:5      | Entered Level 5 of the Dungeon
  4417 | D:5      | Noticed an air elemental
  4418 | D:5      | Noticed Menkaure
  4439 | D:5      | Killed Menkaure
  4440 | D:5      | Reached XP level 7. HP: 16/62 MP: 7/7
  4776 | D:5      | Found a stormy altar of Qazlal.
  4789 | D:5      | Noticed a fire elemental
  4817 | D:5      | Reached skill level 5 in Armour
  4872 | D:5      | Noticed Dowan
  4874 | D:5      | Noticed Duvessa
  4886 | D:5      | Killed Duvessa
  4887 | D:5      | Reached skill level 7 in Axes
  4887 | D:5      | Reached skill level 5 in Shields
  4896 | D:5      | Killed Dowan
  5032 | D:5      | Noticed a water elemental
  5139 | D:5      | Reached XP level 8. HP: 18/70 MP: 8/8
  5510 | D:5      | Reached skill level 8 in Axes
  6573 | D:6      | Found a shimmering altar of Xom.
  6582 | D:6      | Reached skill level 9 in Axes
  6642 | D:6      | Reached XP level 9. HP: 71/79 MP: 9/9
  6880 | D:6      | Found a radiant altar of Vehumet.
  7307 | D:6      | Reached skill level 10 in Axes
  7324 | D:6      | Killed from afar by an electric eel

Illustrated notes

Levels and vault maps discovered:
D:1:      minmay_arrival_semitransparent, layout_basic, serial_park_tiny_1
D:2:      layout_basic, lemuel_crystal_altar, grunt_gozag_statues
D:3:      layout_basic, nzn_overflow_gifts_of_might_and_magic
D:4:      cheibrodos_greedy_goblins, layout_basic, uniq_eustachio
D:5:      layout_loops_ring, nicolae_qazlal_style_of_elements,
          hangedman_abyss_or_decor_lesser_grid, kennysheep_crisscross,
          uniq_menkaure, uniq_duvessa
D:6:      kennysheep_slugbush, layout_gridville, xom_confusion_cloud,
          vehumet_statue, kennysheep_mini_moat, minmay_temple_entry_grid

Skill      XL: |  1  2  3  4  5  6  7  8  9 |
---------------+----------------------------+-----
Fighting       | 4 5 6 7 |  7.5
Axes           | 3 4 5 6 7 9 10 | 10.0
Armour         | 4 5 6 |  6.6
Shields        | 4 5 6 |  6.6

Action                   |  1- 3 |  4- 6 |  7- 9 || total
-------------------------+-------+-------+-------++-------
Melee: War axe           |   125 |   251 |   280 ||   656
Invok: Call Merchant     |       |       |     1 ||     1
  Use: Potion            |     1 |     1 |     2 ||     4
       Scroll            |       |     8 |     4 ||    12
 Stab: Distracted        |       |     1 |     1 ||     2
Armor: Scale mail        |    66 |    70 |       ||   136
       Plate armour      |       |    82 |   120 ||   202
Dodge: Dodged            |    61 |    60 |    24 ||   145
Block: Kite shield       |    85 |   147 |   119 ||   351
